Map: Void Training Stage 3

Players

Ratl - Winner!

  • Race: Terran Terran
  • Spawn Location: 12:00

Player 2

  • Race: Zerg Zerg
  • Spawn Location: 6:00

VOD

Have the link to the VOD?

Description

Time

  • Played on: Oct. 27, 2019, 12:18 p.m.
  • Length: 14:43
Show
View Real Time Build Order
Export as new Build Order

Ratl Terran - Winner!

Build Orders:  

Get SALT Encoding   

  12  0:02  SCV  
  13  0:14  SCV  
  14  0:19  Supply Depot  
  14  0:26  SCV  
  15  0:41  SCV  
  16  0:47  Supply Depot  
  16  0:54  SCV  
  17  1:06  SCV  
  17  1:08  Refinery  
  17  1:10  Barracks  
  18  1:18  SCV  
  19  1:24  Refinery  
  19  1:30  SCV  
  20  1:53  SCV  
  21  2:00  Engineering Bay  
  21  2:02  Marine  
  21  2:07  Orbital Command  
  22  2:20  Marine  
  23  2:28  Barracks  
  23  2:31  Supply Depot  
  23  2:36  SCV  
  24  2:38  Marine  
  25  2:48  SCV  
  26  2:54  Supply Depot  
  26  3:07  Terran Infantry Weapons Level 1  
  26  3:12  Barracks Tech Lab  
  26  3:17  Supply Depot  
  26  3:24  SCV  
  27  3:29  Command Center  
  27  3:37  SCV  
  27  3:39  Supply Depot  
  27  3:40  Barracks Reactor  
  28  3:48  Barracks  
  28  4:00  Marine  
  29  4:06  Combat Shield  
  29  4:18  Marine  
  30  4:27  SCV  
  31  4:35  Marine  
  31  4:36  Marine x2  
  31  4:37  Factory  
  35  4:40  Barracks Reactor  
  34  4:54  Marine, Command Center  
  35  5:02  Terran Infantry Armor Level 1  
  35  5:08  Command Center  
  35  5:09  SCV  
  35  5:11  Marine  
  37  5:15  SCV  
  38  5:21  SCV  
  38  5:25  Stimpack  
  38  5:28  SCV  
  39  6:13  Marine x3  
  39  6:14  Marine x2  
  44  6:22  Factory Tech Lab  
  44  6:25  SCV  
  44  6:29  SCV  
  44  6:31  Marine x2  
  47  6:35  SCV  
  47  6:38  SCV  
  49  6:41  SCV  
  49  6:45  SCV  
  51  6:47  SCV  
  51  6:50  SCV  
  51  6:53  SCV  
  54  6:57  SCV  
  54  6:58  Hi-Sec Auto Tracking  
  56  7:01  Marine  
  56  7:02  Marine x4, SCV  
  56  7:05  Concussive Shells, SCV  
  61  7:09  SCV  
  61  7:14  SCV  
  61  7:18  SCV  
  61  7:19  Marine  
  61  7:21  SCV  
  60  7:26  SCV  
  59  7:33  SCV  
  60  7:45  SCV  
  61  7:54  Refinery  
  61  7:55  Neosteel Armor  
  61  7:57  SCV  
  62  8:00  Refinery  
  62  8:08  SCV  
  62  8:10  SCV  
  62  8:11  Marine x2  
  62  8:12  Marine x3  
  69  8:17  Cyclone  
  72  8:20  SCV  
  72  8:22  SCV  
  74  8:29  Marine x3  
  74  8:32  SCV  
  74  8:34  SCV  
  79  8:44  SCV  
  80  8:49  Cyclone  
  80  8:51  Refinery  
  80  8:52  SCV  
  80  8:54  Refinery  
  84  9:12  Supply Depot  
  84  9:22  Cyclone  
  84  9:23  Supply Depot  
  87  9:27  Infernal Pre-Igniter  
  87  9:30  Marine x3  
  92  9:36  Supply Depot  
  92  9:46  Supply Depot  
  92  9:48  Marine x2  
  92  9:51  Marine  
  92  9:52  Marine  
  94  9:54  Cyclone  
  97  10:09  Marine x2, Supply Depot  
  100  10:14  SCV  
  100  10:26  SCV, Cyclone  
  104  10:38  SCV  
  105  10:46  Mag-Field Accelerator  
  105  10:55  Supply Depot  
  105  10:58  Cyclone  
  105  11:03  Armory  
  89  11:30  Cyclone  
  90  11:39  Marine x5  
  94  11:57  Marine x4  
  98  12:02  Cyclone  
  98  12:05  Orbital Command  
  96  12:34  Cyclone  
  98  12:55  Command Center  
  95  13:08  Reaper  
  95  13:09  Reaper x4  
  100  13:17  Ghost Academy  
  100  13:22  Refinery  
  100  13:23  Refinery  
  100  13:41  Marauder, Reaper x2  
  99  13:52  Marine x2  
  99  13:54  Cyclone  
  103  14:03  Marauder  
  103  14:08  SCV  
  106  14:10  Marine x2  
  106  14:12  Marine  
  106  14:13  Marine  
  110  14:20  SCV  
  116  14:36  Barracks  
  116  14:37  Barracks x2  
  117  14:39  Barracks  
Show
View Real Time Build Order
Export as new Build Order

Player 2 Zerg 

Build Orders: 1 Base Baneling Bust, Pool First 

Get SALT Encoding   

  12  0:00  Drone  
  13  0:12  Overlord  
  13  0:18  Drone  
  14  0:31  Drone  
  14  0:33  Drone  
  16  0:42  Spawning Pool  
  16  0:45  Drone  
  16  0:49  Drone  
  17  0:52  Extractor  
  17  0:56  Drone  
  17  1:06  Overlord  
  17  1:31  Zergling x2, Queen  
  20  1:37  Roach Warren  
  20  1:38  Zergling x2, Drone  
  21  1:42  Extractor  
  20  1:49  Drone  
  21  1:54  Baneling Nest  
  21  2:00  Drone  
  21  2:11  Drone  
  22  2:21  Zergling x2  
  23  2:32  Zergling x2  
  24  2:37  Overlord  
  24  2:38  Zergling x2  
  25  2:45  Zergling x2  
  26  2:51  Zergling x2  
  26  2:58  Zergling x2  
  28  3:04  Baneling  
  28  3:05  Zergling x2, Baneling x3  
  29  3:12  Zergling x2, Overlord  
  30  3:18  Zergling x2  
  31  3:25  Zergling x2, Baneling  
  32  3:31  Zergling x2, Baneling  
  32  3:32  Evolution Chamber  
  32  3:42  Drone  
  32  3:44  Drone  
  32  3:47  Drone  
  35  3:52  Drone  
  36  4:03  Drone  
  37  4:13  Drone  
  37  4:16  Drone  
  39  6:07  Baneling  
  38  6:14  Zergling x2  
  39  6:33  Lair, Roach, Overlord  
  39  6:35  Spore Crawler, Drone  
  39  6:36  Spore Crawler  
  39  6:38  Drone, Evolution Chamber  
  40  6:41  Hatchery, Drone  
  40  6:44  Drone  
  40  6:45  Roach  
  43  6:51  Drone, Overlord  
  44  6:57  Roach  
  46  7:01  Spine Crawler  
  46  7:04  Drone  
  43  7:09  Spine Crawler, Roach  
  43  7:14  Overlord  
  44  7:22  Roach  
  36  7:30  Overseer x2, Queen  
  36  7:33  Hydralisk Den  
  36  7:34  Roach  
  39  7:37  Drone, Infestation Pit  
  39  7:38  Spire  
  39  7:40  Drone  
  39  7:46  Zergling x2  
  40  7:53  Drone  
  40  7:56  Drone  
  40  7:57  Spore Crawler  
  41  7:58  Spore Crawler  
  41  7:59  Drone  
  41  8:02  Drone  
  41  8:05  Drone, Hydralisk  
  45  8:08  Drone  
  45  8:11  Drone  
  47  8:14  Drone  
  47  8:16  Drone  
  49  8:24  Drone  
  49  8:25  Hydralisk  
  53  8:27  Drone  
  53  8:30  Drone  
  53  8:32  Drone  
  55  8:35  Drone  
  55  8:37  Hydralisk  
  58  8:43  Spine Crawler  
  58  8:46  Drone  
  58  8:47  Spine Crawler  
  57  8:49  Drone  
  57  8:55  Hydralisk  
  60  8:56  Drone  
  60  8:58  Drone  
  60  9:00  Queen  
  60  9:01  Drone  
  65  9:04  Drone  
  65  9:08  Drone  
  67  9:11  Drone, Overlord  
  67  9:14  Drone  
  69  9:19  Drone  
  70  10:13  Extractor  
  69  10:17  Extractor  
  68  10:26  Overseer, Overlord  
  68  10:35  Drone  
  69  10:40  Drone  
  70  10:43  Drone  
  71  11:08  Pneumatized Carapace  
  71  11:09  Zerg Melee Weapons Level 1, Hydralisk  
  69  11:16  Hydralisk  
  52  11:19  Overlord  
  52  11:21  Overseer  
  52  11:23  Hydralisk  
  52  11:24  Overseer  
  53  11:31  Zergling x2, Drone  
  51  11:34  Drone  
  51  11:36  Hatchery  
  51  11:37  Drone  
  51  11:38  Roach  
  51  11:39  Overseer  
  46  11:40  Overlord  
  46  11:41  Drone  
  46  11:43  Spine Crawler  
  46  11:44  Drone  
  46  11:45  Roach  
  36  11:47  Drone  
  36  11:50  Drone  
  36  11:51  Queen  
  36  11:52  Hydralisk  
  36  11:53  Drone  
  36  11:56  Drone  
  36  11:59  Hydralisk  
  35  12:07  Roach  
  37  12:09  Overlord  
  37  12:14  Roach  
  35  12:16  Overseer  
  35  12:20  Drone  
  35  12:21  Hydralisk  
  32  12:23  Drone  
  32  12:26  Drone  
  32  12:28  Burrow  
  27  12:37  Zergling x2  
  27  12:42  Overseer  
  23  12:44  Overlord  
  23  12:48  Roach, Drone  
  21  12:51  Spawning Pool  
  15  13:10  Hatchery  
  7  13:18  Mutalisk, Drone  
  7  13:19  Evolution Chamber  
  8  13:39  Drone  
  12  13:43  Drone  
  7  14:23  Roach Warren  
  5  14:27  Drone  
Tags
 
Add a new tag
Caveats
  • Supply blocks, unpowered buildings, or Contaminate may cause inaccurate times.
  • Supply counts are checked every 10 seconds.